Workbook
Name Adrien: 'Journal et pièces'!$C$19:$C$328
Name Beg_Bal: #REF!
Name End_Bal: '[1]Tableau d''amortissement'!$I$19:$I$378
Name Extra_Pay: #REF!
Name Header_Row: ROW('[1]Tableau d''amortissement'!#REF!)
Name Int: #REF!
Name Interest_Rate: '[1]Tableau d''amortissement'!$D$6
Name JOURSMOIS: 'Journal et pièces'!$P$25:$R$36
Name Last_Row: IF(Values_Entered,Header_Row+Number_of_Payments,Header_Row)
Name Loan_Amount: '[1]Tableau d''amortissement'!$D$5
Name Loan_Start: '[1]Tableau d''amortissement'!$D$9
Name Loan_Year: 'Journal et pièces'!$D$7
Name Loan_Years: '[1]Tableau d''amortissement'!$D$7
Name NBJOURS: 'Journal et pièces'!$P$24:$Q$36
Name Num_Pmt_Per_Year: #REF!
Name Number_of_Payments: MATCH(0.01,End_Bal,-1)+1
Name Pay_Num: #REF!
Name Princ: #REF!
Name Sched_Pay: #REF!
Name Scheduled_Extra_Payments: #REF!
Name Scheduled_Monthly_Payment: #REF!
Name Total_Pay: #REF!
Name Values_Entered: IF(Loan_Amount*Interest_Rate*Loan_Years*Loan_Start>0,1,0)

Sheet Journal et pièces
A1: 1- Les achats Décembre
A2: FACTURE FOURNISSEUR
A3: DUPONT | E3: FACTURÉ À
E4: BLAFFART
A5: DESCRIPTION | F5: QTÉ | G5: PRIX UNITAIRE | H5: MONTANT
A6: Matière première -blocs acier | F6: 10 | G6: 200 | H6: =IF(F6="",ROUND(1*G6,2),ROUND(F6*G6,2)) -> 2000
A7: Mèches | F7: 120 | G7: 6 | H7: =IF(F7="",ROUND(1*G7,2),ROUND(F7*G7,2)) -> 720
F8: SOUS-TOTAL | H8: =SUM(H6:H7) -> 2720
F9: TVA 20% | H9: =H8*0.2 -> 544
F10: TOTAL | H10: =H8+H9 -> 3264
A12: FACTURE FOURNISSEUR
A13: DURAND | E13: FACTURÉ À | J13: journal des achats Décembre
E14: BLAFFART | J14: DATE | L14: COMPTE | M14: LIBELLE | N14: DEBIT | O14: CREDIT | P14: INTITULE DU COMPTE
A15: DESCRIPTION | F15: QTÉ | G15: PRIX UNITAIRE | H15: MONTANT | J15: 44561 | K15: BLOC ACIER | L15: 601002 | M15: DUPONT | N15: =H6 -> 2000 | P15: ACHAT DE MATIERE PREMIERE BLOC ACIER
A16: 1 machine | F16: 1 | G16: 5000 | H16: =IF(F16="",ROUND(1*G16,2),ROUND(F16*G16,2)) -> 5000 | J16: 44561 | K16: MECHES | L16: 601001 | M16: DUPONT | N16: =H7 -> 720 | P16: ACHAT DE MECHES
A17: Amortissement 5 ans | B17: Mise en service = Date de facture le 1/12 | J17: 44561 | L17: 445660 | M17: DUPONT | N17: =H9 -> 544 | P17: TVA DEDUCTIBLE 20%
F18: SOUS-TOTAL | H18: =SUM(H16:H17) -> 5000 | J18: 44561 | L18: 401DUP | M18: DUPONT | O18: =H10 -> 3264 | P18: FOURNISSEUR DUPONT
F19: TVA 20% | H19: =H18*0.2 -> 1000 | J19: 44561 | L19: 215400 | M19: DURAND | N19: =H16 -> 5000 | P19: Materiel industriel
F20: TOTAL | H20: =H18+H19 -> 6000 | J20: 44561 | L20: 445620 | M20: DURAND | N20: =H19 -> 1000 | P20: TVA DEDUCTIBLE SUR IMMOBILISTATIONS
J21: 44561 | L21: 404DUR | M21: DURAND | O21: =H20 -> 6000 | P21: FOURNISSEUR IMMO DURAND
J22: 44561 | L22: 613200 | M22: DUPUIS IMMOBILIER | N22: =H28 -> 100 | P22: Locations immobilieres
A23: FACTURE FOURNISSEUR | J23: 44561 | L23: 614000 | M23: DUPUIS IMMOBILIER | P23: Charges locatives et de copropriété
A24: DUPUIS IMMOBILIER | E24: FACTURÉ À | J24: 44561 | L24: 401DUI | M24: DUPUIS IMMOBILIER | P24: FOURNISSEUR DUPUIS IMMOBILIER
E25: BLAFFART | J25: 44561 | L25: 616000 | M25: DUBUISSON | P25: Primes d'assurance
A26: DESCRIPTION | F26: QTÉ | G26: PRIX UNITAIRE | H26: MONTANT | J26: 44561 | L26: 401DUB | M26: DUBUISSON | P26: FOURNISSEUR DUBUISSON
A27: 1 Loyer mensuel | F27: 1 | G27: 600 | H27: =IF(F27="",ROUND(1*G27,2),ROUND(F27*G27,2)) -> 600 | J27: 44561 | L27: 612100 | M27: POSCHE LEASE | P27: CB PORSCHE 924
A28: Charges | F28: 1 | G28: 100 | H28: =IF(F28="",ROUND(1*G28,2),ROUND(F28*G28,2)) -> 100 | J28: 44561 | L28: 401POR | M28: POSCHE LEASE | P28: PORSCHE LEASING
F29: SOUS-TOTAL | H29: =SUM(H27:H28) -> 700 | J29: 44561 | L29: 622600 | M29: DUDUISSON EXPERT | P29: Honoraires
F30: TVA | H30: 0 | J30: 44561 | L30: 445660 | M30: DUDUISSON EXPERT | P30: TVA DEDUCTIBLE 20%
F31: TOTAL | H31: =H29+H30 -> 700 | J31: 44561 | L31: 401DUD | M31: DUDUISSON EXPERT | P31: FOURNISSEUR DUDUISSON
N32: =SUBTOTAL(109,'Journal et pièces'!$N$15:$N$31) -> 9364 | O32: =SUBTOTAL(109,'Journal et pièces'!$O$15:$O$31) -> 9264
A34: FACTURE FOURNISSEUR
A35: DUBUISSON | E35: FACTURÉ À
E36: BLAFFART
A37: DESCRIPTION | F37: QTÉ | G37: PRIX UNITAIRE | H37: MONTANT
A38: Prime mensuelle d'assurance | F38: 1 | G38: 200 | H38: =IF(F38="",ROUND(1*G38,2),ROUND(F38*G38,2)) -> 200
F40: SOUS-TOTAL | H40: =SUM(H38:H39) -> 200
F41: TVA | H41: 0
F42: TOTAL | H42: =H40+H41 -> 200
A45: FACTURE FOURNISSEUR
A46: DUDUISSON | E46: FACTURÉ À
E47: BLAFFART
A48: DESCRIPTION | F48: QTÉ | G48: PRIX UNITAIRE | H48: MONTANT
A49: Expertise comptable - frais mensuels | F49: 1 | G49: 150 | H49: =IF(F49="",ROUND(1*G49,2),ROUND(F49*G49,2)) -> 150
F51: SOUS-TOTAL | H51: =SUM(H49:H50) -> 150
F52: TVA | H52: =H51*0.2 -> 30
F53: TOTAL | H53: =H51+H52 -> 180
A55: FACTURE FOURNISSEUR
A56: PORSCHE LEASE | E56: FACTURÉ À
E57: BLAFFART
A58: DESCRIPTION | F58: QTÉ | G58: PRIX UNITAIRE | H58: MONTANT
A59: 1 loyer CB Porsche | F59: 1 | G59: =9450/11 -> 859.09091 | H59: 833.33
F61: SOUS-TOTAL | H61: =SUM(H59:H60) -> 833.33
F62: TVA | H62: =H61*0.2 -> 166.666
F63: TOTAL | H63: =H61+H62 -> 999.996
A65: 2- Les ventes de décembre
A67: FACTURE CLIENT
A68: BLAFFART | E68: FACTURÉ À SASOC | J68: journal des ventes Décembre
J69: DATE | L69: COMPTE | M69: LIBELLE | N69: DEBIT | O69: CREDIT | P69: INTITULE DU COMPTE
A70: DESCRIPTION | F70: QTÉ | G70: PRIX UNITAIRE | H70: MONTANT | J70: 44561 | L70: 701100 | M70: SOCSOC | P70: Produit fini (ou groupe) a
A71: 1 pièce usinée XB 22 | F71: 1 | G71: 6000 | H71: =IF(F71="",ROUND(1*G71,2),ROUND(F71*G71,2)) -> 6000 | J71: 44561 | L71: 445710 | M71: SOCSOC | P71: TVA COLLECTEE SUR VENTES
J72: 44561 | L72: 411SOC | M72: SOCSOC | P72: CLIENT SOCSOC
F73: SOUS-TOTAL | H73: =SUM(H71:H72) -> 6000 | J73: 44561 | L73: 701000 | M73: SATHERM | P73: Ventes de produits finis
F74: TVA | H74: =H73*0.2 -> 1200 | J74: 44561 | L74: 445710 | M74: SATHERM | P74: TVA COLLECTEE SUR VENTES
F75: TOTAL | H75: =H73+H74 -> 7200 | J75: 44561 | L75: 411SAT | M75: SATHERM | P75: CLIENT SATHERM
N76: =SUM(N70:N75) -> 0 | O76: =SUM(O70:O75) -> 0
A77: FACTURE CLIENT
A78: BLAFFART | E78: FACTURÉ À SATHERM
A80: DESCRIPTION | F80: QTÉ | G80: PRIX UNITAIRE | H80: MONTANT
A81: 1 pièce usinée XB 22 | F81: 1 | G81: 4000 | H81: =IF(F81="",ROUND(1*G81,2),ROUND(F81*G81,2)) -> 4000
F83: SOUS-TOTAL | H83: =SUM(H81:H82) -> 4000
F84: TVA | H84: =H83*0.2 -> 800
F85: TOTAL | H85: =H83+H84 -> 4800
A88: 3- Les salaires - Monsieur Blafart - Directeur
C90: Part salariale | F90: Part patronale
A91: Brut | B91: 2000
B92: Base | C92: Taux | D92: Montant | F92: Taux | G92: Montant
A93: Urssaf
A94: Cotisations sur la totalité du salaire | B94: =$B$91 -> 2000 | C94: 0.004 | D94: =B94*C94 -> 8 | F94: 0.1415 | G94: =B94*F94 -> 283
A95: Cotisations plafonnées à 3428€* | B95: =$B$91 -> 2000 | C95: 0.069 | D95: =B95*C95 -> 138 | F95: 0.0855 | G95: =B95*F95 -> 171
A96: Cotisation maladie supplémentaire | B96: =$B$91 -> 2000 | C96: 0.015 | D96: =B96*C96 -> 30 | F96: 0 | G96: =B96*F96 -> 0
A97: Complément cotisation maladie | B97: =$B$91 -> 2000 | C97: 0 | D97: =B97*C97 -> 0 | F97: 0.06 | G97: =B97*F97 -> 120
A99: Assurance chômage
A100: Chômage + AGS | B100: 2000 | C100: 0 | D100: =B100*C100 -> 0 | F100: 0.042 | G100: =B100*F100 -> 84
J101: journal des OD Décembre
A102: Retraite complémentaire obligatoire | J102: DATE | L102: COMPTE | M102: LIBELLE | N102: DEBIT | O102: CREDIT | P102: INTITULE DU COMPTE
A103: Retraite complémentaire + CEG + CET T1 | B103: =$B$91 -> 2000 | C103: 0.0415 | D103: =B103*C103 -> 83 | F103: 0.0622 | G103: =B103*F103 -> 124.4 | J103: 44561 | L103: 641000 | M103: SALAIRE BRUT | P103: Rémunération du personnel
A104: Retraite complémentaire + CEG + CET T2 | B104: 0 | C104: 0.0986 | D104: =B104*C104 -> 0 | F104: 0.1478 | G104: =B104*F104 -> 0 | J104: 44561 | L104: 431000 | M104: URSSAF PART SAL | P104: Sécurité sociale
J105: 44561 | L105: 437000 | M105: RETRAITE PART SAL | P105: Autres organismes sociaux
A106: CSG - CRDS | J106: 44561 | L106: 442000 | M106: PRELEVEMENT A LA SOURCE | P106: Etat imp. & tax. recouv. sur tiers
A107: CSG déductible | B107: =B103*0.9825 -> 1965 | C107: 0.068 | D107: =B107*C107 -> 133.62 | F107: 0 | G107: =B107*F107 -> 0 | J107: 44561 | L107: 421000 | M107: SALAIRE NET | P107: Personnel : rémunérations dûes
A108: CSG CRDS non déductible | B108: =B107 -> 1965 | C108: 0.029 | D108: =B108*C108 -> 56.985 | F108: 0 | G108: =B108*F108 -> 0 | J108: 44561 | L108: 645100 | M108: COTISATIONS PATRONALES URSSAF | P108: Cotisations urssaf
J109: 44561 | L109: 645400 | M109: COTISATIONS PATRONALES POLE EMPLOI | P109: Cotisations aux assedics
A110: Autres cotisations | J110: 44561 | L110: 431000 | M110: COTISATIONS PATRONALES URSSAF | P110: Sécurité sociale
A111: FNAL plafonné | B111: =$B$91 -> 2000 | C111: 0 | D111: =B111*C111 -> 0 | F111: 0.001 | G111: =B111*F111 -> 2 | J111: 44561 | L111: 645300 | M111: COTISATIONS PATRONALES RETRAITE | P111: Cotisations aux caisses retr.
A112: Contribution au dialogue social | B112: =$B$91 -> 2000 | C112: 0 | D112: =B112*C112 -> 0 | F112: 0.00016 | G112: =B112*F112 -> 0.32 | J112: 44561 | L112: 437000 | M112: COTISATIONS PATRONALES RETRAITE | P112: Autres organismes sociaux
N113: =SUBTOTAL(109,'Journal et pièces'!$N$103:$N$112) -> 0 | O113: =SUBTOTAL(109,'Journal et pièces'!$O$103:$O$112) -> 0
A114: Montant total des cotisations retenues | D114: =SUM(D93:D113) -> 449.605 | G114: =SUM(G93:G113) -> 784.72
A116: Salaire avant PAS | D116: =B91-D114 -> 1550.395
A117: PAS | B117: =D116+D108 -> 1607.38 | C117: 0.138 | D117: =B117*C117 -> 221.81844
...

Sheet FISCAL
G1: TVA SUR LES ENCAISSEMENTS
A2: 1- TVA SUR LES ENCAISSEMENTS | G2: DÉCLARATION DE TVA (CA3) | Q2: N° 3310 - CA3
G3: A MONTANT DES OPÉRATIONS REALISÉES
A4: Rappel mouvements de trésorerie | G4: OPÉRATIONS IMPOSABLES (H.T.) | L4: OPÉRATIONS NON IMPOSABLES
G6: 01 | H6: Ventes, prestations de services …….………………. | K6: =B27 -> 0 | L6: 04 | M6: Exportations hors CEE …………………………… | Q6: 0032 | R6: ='[2]Etat préparatoire CA3'!C41 -> 0
G8: 02 | H8: Autres opérations imposables …..…………………. | K8: ='[2]Etat préparatoire CA3'!D38 -> 0 | L8: 05 | M8: Autres opérations non imposables ………. | Q8: 0033 | R8: ='[2]Etat préparatoire CA3'!C33+'[2]Etat préparatoire CA3'!C38 -> 0
G10: 03 | H10: Acquisitions intracommunautaires ...……………. | J10: 0031 | K10: ='[2]Etat préparatoire CA3'!C30 -> 0 | L10: 06 | M10: Livraisons intracommunautaires ………….. | Q10: 0034
H11: (dont ventes à distance et/ou opérations de montage :
L12: 07 | M12: Achats en franchise …………………………………. | Q12: 0037
G13: 3C | H13: Régularisations
G15: B DÉCOMPTE DE LA TVA A PAYER
G16: TVA BRUTE | O16: Base hors taxe | R16: Taxe due
A17: TVA COLLECTEE/VENTES - DEBITS
A18: TRANSACTION | B18: HT | C18: TVA | D18: TTC | G18: 08 | H18: Taux 20 %………………..……..…………………………………………………………………………………………………………………. | N18: 0206 | O18: =B27 -> 0 | R18: =C27 -> 0
A19: SOCSOC | B19: =C19*100/20 -> 6000 | C19: 1200 | D19: =C19+B19 -> 7200
A20: SATHERM | B20: =C20*100/20 -> 4000 | C20: 800 | D20: =C20+B20 -> 4800 | G20: 09 | H20: Taux 5,5 %..……………..………..………………………………………………………………………………………………………………….. | N20: 0105
A21: TOTAL | B21: =SUBTOTAL(109,B19:B20) -> 10000 | C21: =SUBTOTAL(109,C19:C20) -> 2000 | D21: =SUBTOTAL(109,D19:D20) -> 12000
G22: 9B | H22: Taux 10 %..……………..………..………………………………………………………………………………………………………………….. | N22: 0150
A23: TVA COLLECTEE/VENTES - ENCAISSEMENTS | H23: Opérations réalisées dans les DOM
A24: TRANSACTION | B24: HT | C24: TVA | D24: TTC | G24: 10 | H24: Taux normal 8,5 %…………………………………………………………………………………………………………………………………….. | N24: 0201
A25: JEREMY DUCASH
A26: SOCSOC | G26: 11 | H26: Taux réduit 2,1 %.…………………..………………………………………….……………………………………………………………………… | N26: 0100
A27: TOTAL | B27: =SUBTOTAL(109,B25:B26) -> 0 | C27: =SUBTOTAL(109,C25:C26) -> 0 | D27: =SUBTOTAL(109,D25:D26) -> 0
G28: 12 | H28: ………………….………...…………..…………………………………………………………………………………………………………………………..
A29: TVA DEDUCTIBLE ABS /DEBITS | H29: Opérations imposables à un autre taux
A30: TRANSACTION | B30: HT | C30: TVA | D30: TTC | E30: Commentaire | H30: (France métropolitaine ou DOM)
A31: PORSCHE LEASING | B31: 1000 | C31: 0 | D31: 1000 | E31: Véhicule de toursime | G31: 13 | H31: Anciens taux……………………………………………………………………………………………………………………………………………… | N31: 0900
A32: DUPUIS | B32: =Tableau81112[[#This Row],[TTC]] -> 700 | D32: 700 | E32: Exonéré de TVA
A33: TOTAL | B33: =SUBTOTAL(109,B31:B32) -> 1700 | C33: =SUBTOTAL(109,C31:C32) -> 0 | D33: =SUBTOTAL(109,D31:D32) -> 1700 | G33: 14 | H33: Opérations imposables à un taux particulier (décompte effectué sur annexe 3310 A)………………………………………….. | N33: 0950
A35: TVA DEDUCTIBLE ABS /DECAISSEMENTS | G35: 15 | H35: TVA antérieurement déduite à reverser…………………………..………………………….………………………………………………………………………………………………. | Q35: 0600
A36: TRANSACTION | B36: HT | C36: TVA | D36: TTC | E36: Commentaire
A37: DUBUISSON EXPERT | E37: Service dédutible lors du paiement | L37: 16 | M37: Total de la TVA brute due (lignes 08 à 15) | R37: =SUM(R18:R36) -> 0
A38: DUPUIS IMMO | E38: EXONERE | H38: La ligne 11 ne concerne que les DOM
A39: DUBUISSON ASSURANCE | E39: EXONERE | H39: Les autres opérations relevant du taux de 2,1 % continuent d'être déclarées sur l'annexe 3310 A | L39: 17 | M39: Dont TVA sur acquisitions intracommunautaires | Q39: 0035 | R39: ='[2]Etat préparatoire CA3'!E29 -> 0
A40: PORSCHE LEASE | E40: EXONERE
A41: DUPONT | E41: Marchandises deductible/facture | L41: 18 | M41: Dont TVA sur opérations à destination de Monaco | Q41: 0038
A42: TOTAL | B42: =SUBTOTAL(109,B37:B41) -> 0 | C42: =SUBTOTAL(109,C37:C41) -> 0 | D42: =SUBTOTAL(109,D37:D41) -> 0
G43: TVA DÉDUCTIBLE
A44: TVA DEDUCTIBLE IMMOBILISATIONS
A45: TRANSACTION | B45: HT | C45: TVA | D45: TTC | E45: Commentaire | G45: 19 | H45: Biens constituant des immobilisations ………………………………………………………………………………………………………………………………………………………. | Q45: 0703 | R45: =C46 -> 0
A46: DURAND | E46: Bien
A47: TOTAL | B47: =SUBTOTAL(109,B46:B46) -> 0 | C47: =SUBTOTAL(109,C46:C46) -> 0 | D47: =SUBTOTAL(109,D46:D46) -> 0 | G47: 20 | H47: Autres biens et services ………………………………………………………………………………………………………………………………………………………………………………… | Q47: 0702 | R47: =C41 -> 0
G49: 21 | H49: Autre TVA à déduire (dont régularisation sur la TVA collectée)……………………………………………………………………………. | Q49: 0059 | R49: ='[2]Etat préparatoire CA3'!E64 -> 0
A50: Journal OD/TVA | B50: Colonne1 | C50: Débit | D50: Crédit
A51: 445660 | B51: TVA DEDUCTIBLE/ABS | D51: =R47 -> 0 | G51: 22 | H51: Report du crédit de TVA appraissant ligne 21 de la précédente déclaration………………………………………………………………………………… | Q51: 8001 | R51: ='[2]Etat préparatoire CA3'!E68 -> 0
A52: 445620 | B52: TVA DEDUCTIBLE/IMMO | D52: =R45 -> 0 | H52: (A convertir en euros si ce crédit est en francs)
A53: 445710 | B53: TVA COLLECTEE | C53: =R18 -> 0
A54: 445670 | B54: CREDIT DE TVA A REPORTER | C54: =K64 -> 0 | G54: 23 | H54: Indiquer ici le pourcentage de déduction applicable pour la période s'il est différent de 100 % | L54: 24 | M54: Total TVA déductible (lignes 19 à 22) | R54: =SUM(R45:R52) -> 0
B55: Total | C55: =SUM(C51:C54) -> 0 | D55: =SUM(D51:D54) -> 0 | J55: 1
G57: CRÉDIT | L57: TVA A PAYER
G59: 25 | H59: Crédit de TVA (ligne 24 - ligne 15) …………………. | J59: 0705 | K59: =R54-R37 -> 0 | L59: 28 | M59: TVA nette due (ligne 15 - ligne 24) …………… | R59: 0
G61: 26 | H61: Remboursement demandé | L61: 29 | M61: Taxes assimilées calculées sur
H62: sur formulaire n° 3519 joint ……………………………… | J62: 8002 | M62: annexe n° 3310 A ……....….…………………………… | Q62: 9979
G64: 27 | H64: Crédit à reporter (ligne 25 - ligne 26) ……………… | J64: 8003 | K64: =K59 -> 0 | L64: 30 | M64: Sommes à imputer y compris
H65: (cette somme est à reporter ligne 21 de la prochaine déclaration) | M65: acomptes congés …………………………………….. | Q65: 9989
L67: 31 | M67: Sommes à ajouter y compris
H68: Attention ! Une situation de TVA créditrice (ligne 25 servie) ne dispense pas de paiement des taxes assimilées déclarées ligne 29. | M68: acomptes congés …………………………………….. | Q68: 9999
L71: 32 | M71: Total à payer (lignes 28+29-30+31) | R71: =R59-R65 -> 0
M72: (n'oubliez pas de joindre le règlement correspondant)
A76: 2- DETERMINATION DU RESULTAT FISCAL
A78: ENTREPRISE: BLAFFART | B78: DETERMINATION DU RESULTAT FISCAL
A79: Poste | B79: Calcul | C79: Ligne RF | D79: Montant
A80: Résultat comptable avant IS.
A81: REINTEGRATIONS.
A82: Amortissement excédentaire | C82: WE | D82: =SUM(K74:K78) -> 0
A85: Taxe sur les véhicules des sociétés: | B85: (Taxe payée en N) | C85: WG
A87: Provisions et charges à payer non déductibles: | C87: WI | D87: =SUM('[3]2058B'!I139:I151) -> 0
A89: Amendes et pénalités: | C89: WJ | D89: =SUM(B90:B92) -> 0
A90: Pv pour infraction
A91: Pv pour infraction à la législation des prix
A92: Tarnsaction douanière
A96: Réintégrations diverses | C96: WQ | D96: =SUM(B97:B102) -> 0
A97: Assurance sur la vie du PDG
A98: Loyer excédentaire Porsche (12 000€ -9 900€)
A99: Intérêts excédentaires des C/C associés
A100: Dons aux œuvres d'intérêt général
A101: Perte latente de change N-1
A102: Gain latent de change N
A103: TOTAL REINTEGRATIONS: | D103: =SUM(D81:D102) -> 0
A104: Perte comptable de l'exercice
A105: Provisions et charges à payer non déductible: | C105: WU | D105: ='[3]2058B'!K154 -> 0
A106: Plus values nettes à long terme | B106: imposées à 15% | C106: WV
B107: imputées s/MV à LT antérieures | C107: WW
A108: Fraction des PV à Court Terme dont l'imposition est différée | C108: WZ
C109: XA
A110: Dividendes de stés françaises
A111: Majoration d'amortissement
A112: Ecarts de valeurs liquidative sur OPCVM | C112: XS
A115: Déductions diverses | C115: XG
B116: Perte latente de change N
B117: Gain latent de change N-1
B118: Réduction d'impôt mécénat N
A119: TOTAL DEDUCTIONS | D119: =SUM(D104:D117) -> 0
A120: Résultat fiscal avant ARD et déficits antérieurs | D120: =D80+D103-D119 -> 0
A121: Déficits antérieurs imputés | D121: ='[3]2058B'!K127 -> 0
A122: Resultat Fiscal | D122: =D120-D121 -> 0

Sheet Grand-livre
A1: GRAND LIVRE GLOBAL
A2: Période du 01/01/2021 au 31/12/2021
A3: Avec brouillard Hors simulation Avec comptes soldés Avec les écritures lettrées et non lettrées Avec les écritures pointées et non pointées
A5: N° Mvt | B5: Journal | C5: Date | D5: N° de pièce | E5: Libellé de l'écriture | H5: S | I5: Montant débit | J5: Lett. | K5: Montant crédit | M5: Solde cumulé
A7: 101300 Capital souscrit appele verse
A8: 4 | B8: REP | C8: 44530 | E8: CAPITAL | H8: B | K8: 10000 | M8: -10000
A9: TOTAL COMPTE 101300 | E9: Solde compte créditeur | K9: 10000 | M9: -10000
A11: 106100 Reserve legale
A12: 4 | B12: REP | C12: 44530 | E12: RESERVES LEGALES | H12: B | K12: 1000 | M12: -1000
A13: TOTAL COMPTE 106100 | E13: Solde compte créditeur | K13: 1000 | M13: -1000
A15: 119000 Report a nouveau (solde debiteur)
A16: 4 | B16: REP | C16: 44530 | E16: RAN | H16: B | I16: 5000 | M16: 5000
A17: TOTAL COMPTE 119000 | E17: Solde compte débiteur | I17: 5000 | M17: 5000
A19: 151100 Provisions pour litiges
A20: 5 | B20: INV | C20: 44561 | E20: PROVISION POUR LITIGE SALARIE | H20: B | K20: 5200 | M20: -5200
A21: TOTAL COMPTE 151100 | E21: Solde compte créditeur | K21: 5200 | M21: -5200
A23: 164000 Emprunts aupres etablis. de credit
A24: 4 | B24: REP | C24: 44530 | E24: EMPRUNT MACHINE | H24: B | K24: 6567.94 | M24: -6567.94
A25: 6 | B25: BQ | C25: 44531 | E25: REMBOURSEMENT EMPRUNT | H25: B | I25: 490.29 | M25: -6077.65
A26: TOTAL COMPTE 164000 | E26: Solde compte créditeur | I26: 490.29 | K26: 6567.94 | M26: -6077.65
A27: TOTAL CLASSE 1 | I27: 5490.29 | K27: 22767.94 | M27: -17277.65
A29: 205000 Concessions et droits similaires
A30: 4 | B30: REP | C30: 44530 | E30: LOGICIELS | H30: B | I30: 1250 | M30: 1250
A31: TOTAL COMPTE 205000 | E31: Solde compte débiteur | I31: 1250 | M31: 1250
A33: 215400 Materiel industriel
A34: 4 | B34: REP | C34: 44530 | E34: MATERIEL INDUSTRIEL | H34: B | I34: 15000 | M34: 15000
A35: 1 | B35: HA | C35: 44561 | E35: DURAND | H35: B | I35: 5000 | M35: 20000
A36: TOTAL COMPTE 215400 | E36: Solde compte débiteur | I36: 20000 | M36: 20000
A38: 218300 Materiel de bureau et informatique
A39: 4 | B39: REP | C39: 44530 | E39: MATERIEL DE BUREAU ET INFORMAT... | H39: B | I39: 1400 | M39: 1400
A40: TOTAL COMPTE 218300 | E40: Solde compte débiteur | I40: 1400 | M40: 1400
A42: 280500 Concessions et droits similaires
A43: 4 | B43: REP | C43: 44530 | E43: AMORTISSEMENT LOGICIELS | H43: B | K43: 1000 | M43: -1000
A44: 5 | B44: INV | C44: 44561 | E44: AUTRES DOTATIONS AUX AMORTISSE... | H44: B | K44: 700 | M44: -1700
A45: TOTAL COMPTE 280500 | E45: Solde compte créditeur | K45: 1700 | M45: -1700
A47: 281500 Install tech. mat. outil. indust.
A48: 4 | B48: REP | C48: 44530 | E48: AMORTISSEMENTS MAT INDUST | H48: B | K48: 3750 | M48: -3750
A49: 5 | B49: INV | C49: 44561 | E49: AUTRES DOTATIONS AUX AMORTISSE... | H49: B | K49: 2100 | M49: -5850
A50: 5 | B50: INV | C50: 44561 | E50: AMORTISSEMENT MACHINE | H50: B | K50: 83.33 | M50: -5933.33
A51: 5 | B51: INV | C51: 44561 | E51: AMORTISSEMENT MACHINE | H51: B | K51: 1190.48 | M51: -7123.81
A52: TOTAL COMPTE 281500 | E52: Solde compte créditeur | K52: 7123.81 | M52: -7123.81
A54: 281800 Autres immobilisations corporelles
A55: 4 | B55: REP | C55: 44530 | E55: AMORTISSEMENT MATERIEL DE BURE... | H55: B | K55: 1200 | M55: -1200
A56: 5 | B56: INV | C56: 44561 | E56: AUTRES DOTATIONS AUX AMORTISSE... | H56: B | K56: 550 | M56: -1750
A57: TOTAL COMPTE 281800 | E57: Solde compte créditeur | K57: 1750 | M57: -1750
A58: TOTAL CLASSE 2 | I58: 22650 | K58: 10573.81 | M58: 12076.19
A60: 311100 STOCK DE BLOCS ACIER
A61: 4 | B61: REP | C61: 44530 | E61: STOCK BLOC ACIER | H61: B | I61: 18000 | M61: 18000
A62: 5 | B62: INV | C62: 44561 | E62: REPRISE STOCK INITIAL BLOCS | H62: B | K62: 18000
A63: 5 | B63: INV | C63: 44561 | E63: STOCK FINAL BLOCS | H63: B | I63: 17714.29 | M63: 17714.29
A64: TOTAL COMPTE 311100 | E64: Solde compte débiteur | I64: =SUM(I61:I63) -> 35714.29 | K64: =SUM(K61:K63) -> 18000 | M64: 17714.29
A66: 311200 STOCK DE MECHES
A67: 4 | B67: REP | C67: 44530 | E67: STOCK BLOC MECHES | H67: B | I67: 7300 | M67: 7300
A68: 5 | B68: INV | C68: 44561 | E68: REPRISE STOCK INITIAL MECHES | H68: B | K68: 7300
A69: 5 | B69: INV | C69: 44561 | E69: STOCK FINAL MECHES | H69: B | I69: 7947.64 | M69: 7947.64
A70: TOTAL COMPTE 311200 | E70: Solde compte débiteur | I70: =SUM(I67:I69) -> 15247.64 | K70: =SUM(K68:K69) -> 7300 | M70: =+M69 -> 7947.64
A72: 355000 Produits finis
A73: 4 | B73: REP | C73: 44530 | E73: ENCOURS DE PRODUCTION | H73: B | I73: 12400 | M73: 12400
A74: 5 | B74: INV | C74: 44561 | E74: REPRISE ENCOURS DE PRODUCTIONS | H74: B | K74: 12400
A75: 5 | B75: INV | C75: 44561 | E75: ENCOURS DE PRODUCTIONS | H75: B | I75: 9801 | M75: 9801
A76: TOTAL COMPTE 355000 | E76: Solde compte débiteur | I76: 22201 | K76: 12400 | M76: 9801
A78: 391110 DEPRECIATION DE STOCK
A79: 5 | B79: INV | C79: 44561 | E79: PROVISION DEPRECIATION DE STOC... | H79: B | K79: 1200 | M79: -1200
A80: TOTAL COMPTE 391110 | E80: Solde compte créditeur | K80: 1200 | M80: -1200
A81: TOTAL CLASSE 3 | I81: =+I64+I70+I76+I80 -> 73162.93 | K81: =+K64+K70+K76+K80 -> 38900 | M81: 34262.93
A83: 401000 Fournisseurs divers
A84: 4 | B84: REP | C84: 44530 | E84: CUMUL FOURNISSEURS AUTRES | H84: B | K84: 46260 | M84: -46260
A85: TOTAL COMPTE 401000 | E85: Solde compte créditeur | K85: 46260 | M85: -46260
A87: 401DUB DUBUISSON
A88: 4 | B88: REP | C88: 44530 | E88: DUBUISSON | H88: B | K88: 6300 | M88: -6300
A89: 1 | B89: HA | C89: 44561 | E89: DUBUISSON | H89: B | K89: 200 | M89: -6500
A90: TOTAL COMPTE 401DUB | E90: Solde compte créditeur | K90: 6500 | M90: -6500
A92: 401DUD DUDUISSON
A93: 1 | B93: HA | C93: 44561 | E93: DUDUISSON EXPERT | H93: B | K93: 180 | M93: -180
A94: TOTAL COMPTE 401DUD | E94: Solde compte créditeur | K94: 180 | M94: -180
A96: 401DUI DUPUIS IMMOBILIER
A97: 4 | B97: REP | C97: 44530 | E97: DUPUIS | H97: B | K97: 2100 | M97: -2100
A98: 6 | B98: BQ | C98: 44558 | E98: DUPUIS IMMOBILIER | H98: B | I98: 700 | M98: -1400
A99: 1 | B99: HA | C99: 44561 | E99: DUPUIS IMMOBILIER | H99: B | K99: 700 | M99: -2100
A100: TOTAL COMPTE 401DUI | E100: Solde compte créditeur | I100: 700 | K100: 2800 | M100: -2100
A102: 401DUP DUPONT
A103: 1 | B103: HA | C103: 44561 | E103: DUPONT | H103: B | K103: 2944 | M103: -2944
A104: TOTAL COMPTE 401DUP | E104: Solde compte créditeur | K104: 2944 | M104: -2944
A106: 401POR PORSCHE LEASING
A107: 4 | B107: REP | C107: 44530 | E107: PORSCHE LEASING | H107: B | K107: 1000 | M107: -1000
A108: 6 | B108: BQ | C108: 44554 | E108: PORSCHE LEASING | H108: B | I108: 1000
A109: 1 | B109: HA | C109: 44561 | E109: POSCHE LEASE | H109: B | K109: 1000 | M109: -1000
A110: TOTAL COMPTE 401POR | E110: Solde compte créditeur | I110: 1000 | K110: 2000 | M110: -1000
A112: 404DUR FOURNISSEUR D'IMMO DURAND
A113: 1 | B113: HA | C113: 44561 | E113: DURAND | H113: B | K113: 6000 | M113: -6000
A114: TOTAL COMPTE 404DUR | E114: Solde compte créditeur | K114: 6000 | M114: -6000
A116: 411000 Clients divers
A117: 4 | B117: REP | C117: 44530 | E117: CLIENTS DIVERS | H117: B | I117: 47531.58 | M117: 47531.58
A118: TOTAL COMPTE 411000 | E118: Solde compte débiteur | I118: 47531.58 | M118: 47531.58
A120: 411DUC JEREMY DUCASH
A121: 4 | B121: REP | C121: 44530 | E121: JEREMY DUCASH | H121: B | I121: 1200 | M121: 1200
A122: 6 | B122: BQ | C122: 44531 | E122: JEREMY DUCASCH | H122: B | K122: 1200
A123: TOTAL COMPTE 411DUC | E123: Compte soldé | I123: 1200 | K123: 1200
A125: 411SAT CLEINT SATHERM
A126: 4 | B126: REP | C126: 44530 | E126: SATHERM | H126: B | I126: 10200 | M126: 10200
...

Sheet Balance
A1: BALANCE GLOBALE
A2: Période du 01/01/2021 au 31/12/2021
A3: Avec brouillard Hors simulation Avec comptes soldés
A4: Avec les écritures lettrées et non lettrées Avec les écritures pointées et non pointées
A6: N° de compte | B6: Intitulé du compte | C6: Cumul débit | D6: Cumul crédit | E6: Solde débit | F6: Solde crédit
A7: 101300 | B7: Capital souscrit appele verse | D7: 10000 | F7: 10000
A8: 106100 | B8: Reserve legale | D8: 1000 | F8: 1000
A9: TOTAL SOUS CLASSE 10 | D9: 11000 | F9: 11000
A10: 119000 | B10: Report a nouveau (solde debiteur) | C10: 5000 | E10: 5000
A11: TOTAL SOUS CLASSE 11 | C11: 5000 | E11: 5000
A12: 151100 | B12: Provisions pour litiges | D12: 5200 | F12: 5200
A13: TOTAL SOUS CLASSE 15 | D13: 5200 | F13: 5200
A14: 164000 | B14: Emprunts aupres etablis. de credit | C14: 490.29 | D14: 6567.94 | F14: 6077.65
A15: TOTAL SOUS CLASSE 16 | C15: 490.29 | D15: 6567.94 | F15: 6077.65
A16: TOTAL CLASSE 1 | C16: 5490.29 | D16: 22767.94 | E16: 5000 | F16: 22277.65
A17: 205000 | B17: Concessions et droits similaires | C17: 1250 | E17: 1250
A18: TOTAL SOUS CLASSE 20 | C18: 1250 | E18: 1250
A19: 215400 | B19: Materiel industriel | C19: 20000 | E19: 20000
A20: 218300 | B20: Materiel de bureau et informatique | C20: 1400 | E20: 1400
A21: TOTAL SOUS CLASSE 21 | C21: 21400 | E21: 21400
A22: 280500 | B22: Concessions et droits similaires | D22: 1700 | F22: 1700
A23: 281500 | B23: Install tech. mat. outil. indust. | D23: 7123.81 | F23: 7123.81
A24: 281800 | B24: Autres immobilisations corporelles | D24: 1750 | F24: 1750
A25: TOTAL SOUS CLASSE 28 | D25: 10573.81 | F25: 10573.81
A26: TOTAL CLASSE 2 | C26: 22650 | D26: 10573.81 | E26: 22650 | F26: 10573.81
A27: 311100 | B27: STOCK DE BLOCS ACIER | C27: 35714.29 | D27: 18000 | E27: 17714.29
A28: 311200 | B28: STOCK DE MECHES | C28: 15247.64 | D28: 7300 | E28: =+C28-D28 -> 7947.64
A29: TOTAL SOUS CLASSE 31 | C29: 50961.93 | D29: 25300 | E29: 25661.43
A30: 355000 | B30: Produits finis | C30: 22201 | D30: 12400 | E30: 9801
A31: TOTAL SOUS CLASSE 35 | C31: 22201 | D31: 12400 | E31: 9801
A32: 391110 | B32: DEPRECIATION DE STOCK | D32: =+'Grand-livre'!K79 -> 1200 | F32: =+D32 -> 1200
A33: TOTAL SOUS CLASSE 39 | D33: 1200 | F33: 1200
A34: TOTAL CLASSE 3 | C34: 73162.93 | D34: 38900 | E34: 35462.93 | F34: 1200
A35: 401000 | B35: Fournisseurs divers | D35: 46260 | F35: 46260
A36: 401DUB | B36: DUBUISSON | D36: 6500 | F36: 6500
A37: 401DUD | B37: DUDUISSON | D37: 180 | F37: 180
A38: 401DUI | B38: DUPUIS IMMOBILIER | C38: 700 | D38: 2800 | F38: 2100
A39: 401DUP | B39: DUPONT | D39: 2944 | F39: 2944
A40: 401POR | B40: PORSCHE LEASING | C40: 1000 | D40: 2000 | F40: 1000
A41: 404DUR | B41: FOURNISSEUR D'IMMO DURAND | D41: 6000 | F41: 6000
A42: TOTAL SOUS CLASSE 40 | C42: 1700 | D42: 66684 | F42: 64984
A43: 411000 | B43: Clients divers | C43: 47531.58 | E43: 47531.58
A44: 411DUC | B44: JEREMY DUCASH | C44: 1200 | D44: 1200
A45: 411SAT | B45: CLEINT SATHERM | C45: 15000 | E45: 15000
A46: 411SOC | B46: CLIENT SOCSOC | C46: 16400 | D46: 7200 | E46: 9200
A47: TOTAL SOUS CLASSE 41 | C47: 80131.58 | D47: 8400 | E47: 71731.58
A48: 421000 | B48: Personnel : rémunérations dûes | C48: 1328.58 | D48: 3985.74 | F48: 2657.16
A49: TOTAL SOUS CLASSE 42 | C49: 1328.58 | D49: 3985.74 | F49: 2657.16
A50: 431000 | B50: Sécurité sociale | D50: 3079.96 | F50: 3079.96
A51: 437000 | B51: Autres organismes sociaux | C51: 414.8 | D51: 622.2 | F51: 207.4
A52: TOTAL SOUS CLASSE 43 | C52: 414.8 | D52: 3702.16 | F52: 3287.36
A53: 442000 | B53: Etat imp. & tax. recouv. sur tiers | D53: 221.82 | F53: 221.82
A54: 444000 | B54: Etat impôt sur les bénéfices | D54: 20000 | F54: 20000
A55: 445510 | B55: Tva à décaisser | C55: 2880 | D55: 2880
A56: 445620 | B56: TVA DEDUCTIBLE SUR IMMOBILISTATIONS | C56: 1000 | D56: ='Grand-livre'!K171 -> 0
A57: 445660 | B57: TVA DEDUCTIBLE 20% | C57: 574 | D57: ='Grand-livre'!K177 -> 0 | E57: ='Grand-livre'!M177 -> 574
A58: 445670 | B58: ETAT CREDIT DE TVA | C58: ='Grand-livre'!I181 -> 0 | E58: ='Grand-livre'!M181 -> 0
A59: 445710 | B59: TVA COLLECTEE SUR VENTES | C59: ='Grand-livre'!I187 -> 0 | D59: 2000 | F59: =-'Grand-livre'!M187 -> 2000
A60: 447000 | B60: Autres impots, tax. et vers. assim | C60: 648 | D60: 648
A61: TOTAL SOUS CLASSE 44 | C61: =SUM(C53:C60) -> 5102 | D61: =SUM(D53:D60) -> 25749.82 | E61: =SUM(E53:E60) -> 574 | F61: =SUM(F53:F60) -> 22221.82
A62: 455000 | B62: Associes comptes courants | D62: 25000 | F62: 25000
A63: TOTAL SOUS CLASSE 45 | D63: 25000 | F63: 25000
A64: TOTAL CLASSE 4 | C64: 88676.96 | D64: 133521.72 | E64: 73953.58 | F64: 118798.34
A65: 512000 | B65: Banque | C65: 912.72 | D65: 5400 | F65: 4487.28
A66: TOTAL SOUS CLASSE 51 | C66: 912.72 | D66: 5400 | F66: 4487.28
A67: 530000 | B67: Caisse | C67: 500 | E67: 500
A68: TOTAL SOUS CLASSE 53 | C68: 500 | E68: 500
A69: TOTAL CLASSE 5 | C69: 1412.72 | D69: 5400 | E69: 500 | F69: 4487.28
A70: 601000 | B70: Achats stockes mat. prem. (fourn.) | C70: 36700 | E70: 36700
A71: 601001 | B71: ACHAT DE MECHES | C71: 400 | E71: 400
A72: 601002 | B72: ACHAT DE MATIERE PREMIERE BLOC ACIER | C72: 2000 | E72: 2000
A73: 603100 | B73: VARIATION DE STOCKS MECHES | C73: 7300 | D73: 8847.64 | F73: 1547.64
A74: 603200 | B74: VARIATION DE STOCKS BLOCKS ACIER | C74: 20200 | D74: 17714.29 | E74: 2485.71
A75: 606100 | B75: Fournitures non stock. eau, énergie | C75: 4500 | E75: 4500
A76: 606200 | B76: CARBURANT AUTO | C76: 11200 | E76: 11200
A77: 606300 | B77: Fournit. entretien & petit equip. | C77: 1000 | E77: 1000
A78: TOTAL SOUS CLASSE 60 | C78: 83300 | D78: 26561.93 | E78: 58285.71 | F78: 1547.64
A79: 612100 | B79: CB PORSCHE 924 | C79: 12000 | E79: 12000
A80: 612200 | B80: Credit-bail mobilier | C80: 5500 | E80: 5500
A81: 613200 | B81: Locations immobilieres | C81: 7200 | E81: 7200
A82: 614000 | B82: Charges locatives et de copropriété | C82: 1200 | E82: 1200
A83: 615500 | B83: Sur biens mobiliers | C83: 8900 | E83: 8900
A84: 616000 | B84: Primes d'assurance | C84: 2400 | E84: 2400
A85: TOTAL SOUS CLASSE 61 | C85: 37200 | E85: 37200
A86: 621100 | B86: Personnel interimaire | C86: 6200 | E86: 6200
A87: 622600 | B87: Honoraires | C87: 1800 | E87: 1800
A88: 625100 | B88: Voyages et deplacements | C88: 10250 | E88: 10250
A89: 625700 | B89: Receptions | C89: 9000 | E89: 9000
A90: TOTAL SOUS CLASSE 62 | C90: 27250 | E90: 27250
A91: 635110 | B91: Contribution economique territorial | C91: 648 | E91: 648
A92: 635140 | B92: Taxe sur les vehicules societes | C92: 2500 | E92: 2500
A93: TOTAL SOUS CLASSE 63 | C93: 3148 | E93: 3148
A94: 641000 | B94: Rémunération du personnel | C94: 28000 | E94: 28000
A95: 645100 | B95: Cotisations urssaf | C95: 8068.48 | E95: 8068.48
A96: 645300 | B96: Cotisations aux caisses retr. | C96: 1741.6 | E96: 1741.6
A97: 645400 | B97: Cotisations aux assedics | C97: 1176 | E97: 1176
A98: TOTAL SOUS CLASSE 64 | C98: 38986.08 | E98: 38986.08
A99: 661100 | B99: Interets des emprunts et dettes | C99: 111.23 | E99: 111.23
A100: TOTAL SOUS CLASSE 66 | C100: 111.23 | E100: 111.23
A101: 671200 | B101: Penalites amendes fisc. & penales | C101: 1600 | E101: 1600
...

Sheet Résultat
A1: COMPTE DE RESULTAT SYNTHETIQUE
A2: BLAFFARD
A3: Edition du : 01/01/2021 au 31/12/2021 Avec brouillard Hors simulation
A4: Soldes N-1 de l'exercice
A6: CHARGES (Hors taxes) | B6: Exercice N | C6: Exercice N-1 | D6: PRODUITS (Hors taxes) | E6: Exercice N | F6: Exercice N-1
B7: Net | C7: Net | E7: net | F7: net
A9: CHARGES D'EXPLOITATION : | D9: PRODUITS D'EXPLOITATION
A10: Achats de marchandises | C10: 2600 | D10: Ventes de marchandises | F10: 2500
A11: Variation de stock (marchandises) | D11: Production vendue (biens et services) | F11: 160000
A12: Achats d'approvisionnement | C12: 41730 | D12: Production stockée | F12: 1250
A13: Variation de stock (approvisionnement) | C13: -1100 | D13: Production immobilisée | F13: 0
A14: Autres charges externes | C14: 62880 | D14: Subventions d'exploitation
A15: Impôts, taxes et versements assimilés | C15: 3145 | D15: Autres produits
A16: Rémunération du personnel | C16: 22500 | D16: Produits financiers
A17: Charges sociales | C17: 8820
A18: Dotations aux amortissements | C18: 3020
A19: Dotations aux provisions
A20: Autres charges
A21: Charges financières
A23: TOTAL (I) | B23: =SUM(B10:B22) -> 0 | C23: =SUM(C10:C22) -> 143595 | D23: TOTAL (I) | E23: =SUM(E10:E22) -> 0 | F23: =SUM(F10:F22) -> 163750
A25: CHARGES EXCEPTIONNELLES (II) | D25: PRODUITS EXCEPTIONNELS (II)
A27: IMPOTS SUR LES BENEFICES (III)
A29: TOTAL DES CHARGES (I+II+III) | B29: =SUM(B23:B28) -> 0 | C29: =SUM(C23:C28) -> 143595 | D29: TOTAL DES PRODUITS (I+II) | E29: =SUM(E23:E28) -> 0 | F29: =SUM(F23:F28) -> 163750
A31: BENEFICE OU PERTE | B31: =E29-B29 -> 0 | C31: =F29-C29 -> 20155
A32: CONTRÔLE | B32: =Balance!F115-Balance!E115-Balance!E107+Balance!F107 -> -19770.57
A33: TOTAL GENERAL | B33: =B29+B32 -> -19770.57 | C33: =C29+C31 -> 163750 | D33: TOTAL GENERAL | E33: =E29 -> 0 | F33: =F29 -> 163750

Sheet Bilan
A1: BILAN SYNTHETIQUE
A2: BLAFFARD
A3: Edition du : 01/01/2021 au 31/12/2021
C6: Exercice N | E6: N-1
A7: ACTIF | B7: Brut | C7: Amortissements | D7: Net | E7: Net | F7: PASSIF | G7: Exercice N | H7: Exercice
C8: et provisions | G8: net | H8: N-1 net
A10: Actif immobilisé : | F10: Capitaux propres
A11: Immobilisations incorporelles | F11: Capital | H11: 10000
A12: - Fonds commercial | F12: Ecarts de réévaluation
A13: - Autres | E13: -450 | F13: Réserves :
A14: Immobilisations corporelles | E14: 8900 | F14: - Réserve légale | H14: 1000
A15: Immobilisations financières | F15: - Réserves réglementées
A16: TOTAL I | B16: =SUM(B13:B15) -> 0 | C16: =SUM(C13:C15) -> 0 | D16: =SUM(D13:D15) -> 0 | E16: =SUM(E13:E15) -> 8450 | F16: - Autres
A18: Actif circulant :
A19: Stocks et en-cours (autres que | F19: Report à nouveau | H19: -25155
A20: marchandises) | E20: =B42 -> 12140 | F20: Résultat de l'exercice (bénéfice ou perte) | G20: =Résultat!B31 -> 0 | H20: 20155
A21: Encours de production | E21: =B43 -> 32040 | F21: Provisions réglementées
A22: Avances et acomptes versés sur | F22: TOTAL I | G22: =SUM(G10:G21) -> 0 | H22: =SUM(H10:H21) -> 6000
A23: commandes
A25: Créances : | F25: Provisions pour risques et charges (II) | H25: 0
A26: Clients et comptes rattachés | E26: 54822 | F26: Dettes
A27: Autres | E27: 1250 | F27: Emprunts et dettes assimilées | H27: 0
A28: Valeurs mobilières de placement | F28: Avances et acomptes reçus sur
A29: Disponibilités (autres que caisse) | E29: 1000 | F29: commandes
A30: Caisse | E30: 500 | F30: Fournisseurs et comptes rattachés | H30: 53952
F31: Dettes sociales et fiscales | H31: 25250
A32: TOTAL II | B32: =SUM(B19:B31) -> 0 | C32: =SUM(C19:C31) -> 0 | D32: =SUM(D19:D31) -> 0 | E32: =SUM(E19:E31) -> 101752 | F32: Autres dettes | H32: 25000
F33: TOTAL III | G33: =SUM(G23:G32) -> 0 | H33: =SUM(H23:H32) -> 104202
A34: Charges constatées d'avance (III) | F34: Produits constatés d'avance (IV)
A36: TOTAL GENERAL (I+II+III) | B36: =B16+B32 -> 0 | C36: =C16+C32 -> 0 | D36: =D16+D32 -> 0 | E36: =E16+E32 -> 110202 | F36: TOTAL GENERAL (I+II+III+IV) | G36: =G22+G33 -> 0 | H36: =H22+H33 -> 110202
A38: Informations 2021
A39: Immobilisation/amortissements | B39: Voir balance et Grand-livre - M. BLAFFART a perdu la liasse N-1 | G39: =D36-G36 -> 0
A41: Stocks au 31/12 N-1
A42: Matières premières | B42: 12140
A43: Encours de production | B43: =44180-12140 -> 32040
A45: Effets escompté non échus au 31/12/N-1 | B45: 8100
